 Dungeon Crawl Stone Soup version 0.20.0-15-g7f486f2 (webtiles) character file.

127157 Monsterracer the Bludgeoner (level 17, -2/112 HPs)
             Began as a Gargoyle Fighter on June 9, 2017.
             Was an Initiate of Gozag.
             Killed from afar by a deep elf high priest (37 damage)
             ... with damnation
             ... on level 1 of the Elven Halls on June 10, 2017.
             The game lasted 01:12:47 (27310 turns).

Monsterracer the Bludgeoner (Gargoyle Fighter)     Turns: 27310, Time: 01:12:48

Health: -2/112     AC: 45    Str: 21    XL:     17   Next: 0%
Magic:  15/15      EV: 13    Int: 13    God:    Gozag
Gold:   1520       SH: 16    Dex: 14    Spells: 7/16 levels left

rFire    + . .     SeeInvis +   a - +1 morningstar (freeze)
rCold    + . .     Gourm    .   c - +0 shield
rNeg     + . .     Faith    .   K - +4 chain mail {MR+}
rPois    ∞         Spirit   .   w - +3 crown of Dyrovepreva {rElec Int+2 SInv}
rElec    +         Reflect  +   m - +2 cloak
rCorr    .         Harm     .   A - +2 pair of gloves {Str+3}
MR       ++...                  u - +2 pair of boots {Fly}
Stlth    ..........             e - +3 amulet of reflection
Regen    0.3/turn               b - ring of protection from cold
MPRegen  0.2/turn               J - ring of protection from fire

@: gold aura, flying
A: big wings, molten scales 1, low mp 1, negative energy resistance 1,
electricity resistance, weak 1, unbreathing, petrification resistance, rot
immunity, AC +12
a: Stop Flying, Potion Petition, Call Merchant, Bribe Branch, Renounce Religion


You were on level 1 of the Elven Halls.
You worshipped Gozag.
Gozag was most pleased with you.
You were not hungry.

You visited 5 branches of the dungeon, and saw 25 of its levels.

You collected 9988 gold pieces.
You spent 3587 gold pieces at shops.
You paid 4881 gold pieces to Gozag.

Inventory:

Hand Weapons
 a - a +1 morningstar of freezing (weapon)
Armour
 c - a +0 shield (worn)
 m - a +2 cloak (worn)
 u - a +2 pair of boots of flying (worn)
 w - the +3 crown of Dyrovepreva (worn) {rElec Int+2 SInv}
   (You bought it in a shop on level 2 of the Orcish Mines)

   It affects your intelligence (+2).
   It insulates you from electricity.
   It lets you see invisible.
 A - a +2 pair of gloves of strength (worn)
 D - the +8 chain mail "Woqiy" {*Drain rElec rPois}
   (You bought it in a shop on level 5 of the Lair of Beasts)

   It insulates you from electricity.
   It protects you from poison.
   It causes draining when unequipped.
 K - a +4 chain mail of magic resistance (worn)
Jewellery
 b - a ring of protection from cold (left hand)
 e - a +3 amulet of reflection (around neck)
 l - an uncursed ring of positive energy
 J - a ring of protection from fire (right hand)
Wands
 n - a wand of digging (14/24)
 p - a wand of iceblast (7/15)
 v - a wand of acid (4/15)
 z - a wand of acid (5/15)
Scrolls
 g - 19 scrolls of identify
 h - 3 scrolls of recharging
 i - 9 scrolls of remove curse
 j - 3 scrolls of blinking
 k - 9 scrolls of teleportation
 o - 2 scrolls of enchant armour
 r - 4 scrolls of enchant weapon
 t - 3 scrolls of fog
 y - 2 scrolls of silence
 F - 3 scrolls of magic mapping
 G - 2 scrolls of fear
Potions
 s - 4 potions of haste
 x - 5 potions of agility
 B - 4 potions of curing
 C - a potion of might
 E - 3 potions of heal wounds
 H - 2 potions of mutation
Comestibles
 f - 20 bread rations
 q - 5 royal jellies
 I - 3 meat rations


   Skills:
 * Level 14.4 Fighting
 - Level 16.4 Maces & Flails
 + Level 13.7 Armour
 + Level 10.5 Dodging
 + Level 13.4 Shields


You had 7 spell levels left.
You knew the following spells:

 Your Spells              Type           Power        Failure   Level  Hunger
a - Apportation           Tloc           #.....       90%         1    ##.....
b - Regeneration          Chrm/Necr      #.........   99%         3    ####...
c - Swiftness             Chrm/Air       #.......     97%         2    ###....
d - Passwall              Tmut/Erth      #.........   97%         2    ###....
e - Summon Butterflies    Summ           #.......     90%         1    ##.....


Dungeon Overview and Level Annotations

Branches:
Dungeon (15/15)            Temple (1/1) D:5            Lair (6/6) D:8
 Shoals (0/4) Lair:2       Spider (0/4) Lair:4        Slime (0/5) Lair:6
    Orc (2/2) D:9             Elf (1/3) Orc:2        Vaults (0/5) D:13
 Depths (0/5) D:15

Altars:
Ashenzari
Cheibriados
Dithmenos
Elyvilon
Fedhas
Gozag
Hepliaklqana
Kikubaaqudgha
Makhleb
Nemelex Xobeh
Okawaru
Qazlal
Ru
Sif Muna
Trog
Uskayaw
Vehumet
Xom
Yredelemnul
Zin
The Shining One

Shops:
D:4 *   D:5 %*   D:6 (   D:8 :   D:9 (   D:14 =}   D:15 [%   Orc:1 (
Orc:2 =**(   Lair:5 [

Portals:
Trove: D:14 (give 8 scrolls of blinking)


Innate Abilities, Weirdness & Mutations

You are resistant to torment.
Your stone body is resilient. (AC +12)
You are immune to poison.
Your large and strong wings let you fly indefinitely.
You resist negative energy. (rN+)
You are resistant to electric shocks. (rElec)
You can survive without breathing.
You are immune to petrification.
You are immune to rotting.
You are partially covered in molten scales. (AC +2)
Your magical capacity is low. (-10% MP)
You are weak. (Str -2)


Message History

You block the deep elf high priest's attack.
The orc misses you.
The deep elf high priest mumbles some strange prayers to its god against you.
The sphere of damnation explodes!
The damnation engulfs you!
* * * LOW HITPOINT WARNING * * *
The damnation engulfs the orc.
The orc dies!
You hear a shout! x2
The deep elf high priest calls down the wrath of its god upon you.
The sphere of damnation explodes!
The damnation engulfs you!
* * * LOW HITPOINT WARNING * * *
Okay, then.
You feel much better.
The deep elf archer gestures at you while chanting.
You resist with almost no effort.
The deep elf knight is distracted by the nearby gold.
The deep elf high priest calls down the wrath of its god upon you.
The sphere of damnation explodes!
The damnation engulfs you!
You die...
Your body crumbles into a pile of gold.

####.#####'#.>....## ##'####..#
##......#.#.......## #.# #..#
##.....)...#........###(####..###
#..#####...'........##()...()....
#''## #####........'..((.....###
....## #..[.....'..#####O.#
.....# #........#..# #..# .....#
#........#''## #..# .....#
#....@.......## #..# .....#
#.............###Ee### .....#
#.......e.....'..((koo ).)..#
##.......eo...'..oEEoo )....#
##.....##e'#''#oo###o .....#
##...## ...... #' ##''### #####
.... #.. ......# #..# #.. ##....#
$E... #..


You could see a deep elf archer, a deep elf knight (unaware), a deep elf high
priest and an orc.

Vanquished Creatures
  An orc warlord (Orc:2)
  A fire dragon (Lair:5)
  4 vault guards (D:12)
  8 hydras
  2 yaktaur captains (D:15)
  9 centaur warriors
  A merfolk avatar (Lair:6)
  2 ogre magi (D:15)
  Erica (D:8)
  A catoblepas (Lair:6)
  A two-headed ogre (shapeshifter) (Elf:1)
  12 two-headed ogres
  4 death yaks (Lair:4)
  2 deep elf knights (Elf:1)
  The ghost of kuniqs the Covered, a novice GrFi of Okawaru (D:8)
  An unseen horror (D:13)
  3 deep elf archers (Elf:1)
  2 wolf spider zombies
  5 lindwurms
  A wizard (D:14)
  2 harpies (Lair:6)
  2 orc sorcerers (Orc:2)
  5 orc knights
  23 deep elf magi
  A manticore (D:12)
  5 ugly things
  A salamander (shapeshifter) (Elf:1)
  7 cyclopes
  Joseph (D:8)
  Maurice (D:11)
  16 elephants
  7 spiny frogs
  Psyche (D:7)
  4 gargoyles
  3 black mambas
  8 centaur skeletons
  A yaktaur (D:15)
  15 rime drakes
  11 komodo dragons
  2 freezing wraiths (D:15)
  2 efreet
  A merfolk (Lair:2)
  3 meliai (D:15)
  5 polar bears (Lair:6)
  9 trolls
  A jumping spider (shapeshifter) (D:14)
  3 wind drakes (Lair:6)
  4 hornets (Lair:6)
  6 dream sheep (Lair:6)
  11 blink frogs
  A slime creature (Lair:4)
  Prince Ribbit (D:8)
  11 hippogriffs
  A vampire (D:15)
  2 redbacks (Lair:4)
  A wraith (D:10)
  A shadow (D:13)
  2 air elementals
  2 water elementals (D:14)
  54 yaks
  A fire elemental (Elf:1)
  7 wyverns
  4 basilisks
  5 hungry ghosts
  13 steam dragons (Lair:5)
  11 vampire mosquitoes
  5 wargs
  An acid dragon (D:13)
  A soldier ant (D:15)
  12 water moccasins
  Duvessa (D:6)
  4 porcupines
  39 orc warriors
  4 ice beasts
  6 sky beasts
  A hornet zombie (D:12)
  2 black bears
  A necrophage (D:8)
  4 eyes of draining
  21 centaurs
  12 ogres
  A phantom (D:5)
  18 wolves
  3 big kobolds
  12 crocodiles
  Blork the orc (D:6)
  12 bullfrogs
  An earth elemental (Orc:2)
  A wyvern zombie (D:12)
  Dowan (D:6)
  A wyvern skeleton (D:12)
  5 scorpions
  13 killer bees
  10 wights
  A howler monkey (D:5)
  10 crimson imps
  A bullfrog zombie (D:12)
  5 centaur zombies
  2 quasits
  10 hounds
  22 jellies
  23 orc wizards
  16 orc priests
  A bullfrog skeleton (D:12)
  7 hell rats (Lair:6)
  4 iguanas
  9 worker ants
  2 killer bee zombies
  A hound zombie (D:7)
  2 hound skeletons
  2 worker ant zombies (D:6)
  6 gnolls
  16 adders
  5 shadow imps
  11 white imps (D:14)
  14 oozes
  An adder zombie (D:9)
  An adder skeleton (D:6)
  4 worms
  A dart slug (D:1)
  5 leopard geckos
  97 orcs
  A ball python (D:3)
  8 bats
  5 giant cockroaches
  9 goblins
  9 hobgoblins
  8 jackals
  3 quokkas
  A ball python skeleton (D:5)
  3 frilled lizards
  21 kobolds
  A leopard gecko zombie (D:6)
  7 rats
888 creatures vanquished.

Vanquished Creatures (others)
  7 dancing weapons (Elf:1)
  A deep elf archer (Elf:1)
  A komodo dragon (D:14)
  A crimson imp (D:8)
  A white imp (D:14)
  An orc (Elf:1)
  A quokka (D:10)
  11 fungi
  13 plants
37 creatures vanquished.

Grand Total: 925 creatures vanquished

Notes
Turn   | Place    | Note
-------+----------+-------------------------------------------
     0 | D:1      | Monsterracer the Gargoyle Fighter began the quest for the Orb.
     0 | D:1      | Reached XP level 1. HP: 14/14 MP: 1/1
    47 | D:1      | Reached XP level 2. HP: 12/19 MP: 2/2
   251 | D:1      | Reached skill level 3 in Maces & Flails
   510 | D:1      | Reached XP level 3. HP: 23/23 MP: 3/3
   760 | D:2      | Reached skill level 4 in Maces & Flails
   939 | D:2      | Reached XP level 4. HP: 25/28 MP: 4/4
  1232 | D:3      | Noticed a hippogriff
  1273 | D:3      | Killed a hippogriff
  1273 | D:3      | Reached skill level 6 in Maces & Flails
  1273 | D:3      | Reached XP level 5. HP: 5/32 MP: 5/5
  1273 | D:3      | Reached XP level 6. HP: 6/37 MP: 6/6
  2275 | D:4      | Reached XP level 7. HP: 31/41 MP: 7/7
  2358 | D:4      | Found Gotef's Assorted Antiques.
  2406 | D:4      | Reached skill level 7 in Maces & Flails
  2467 | D:4      | Got a fine leather armour
  2478 | D:4      | Identified the +0 leather armour of Poor Excuses {rC+ Stlth+} (You found it on level 4 of the Dungeon)
  2685 | D:4      | Reached skill level 1 in Dodging
  3053 | D:5      | Entered Level 5 of the Dungeon
  3071 | D:5      | Found Cetwysergh's Assorted Antiques.
  3092 | D:5      | Bought a murky inky potion for 27 gold pieces
  3092 | D:5      | Bought a scroll labeled TIFEOX TEYNESU for 31 gold pieces
  3378 | D:5      | Reached XP level 8. HP: 32/48 MP: 8/8
  3632 | D:5      | Found a stormy altar of Qazlal.
  3793 | D:5      | Reached skill level 5 in Fighting
  3796 | D:5      | Found Routs's Food Shop.
  3850 | D:5      | Reached skill level 8 in Maces & Flails
  3952 | D:5      | Found a staircase to the Ecumenical Temple.
  4097 | Temple   | Entered the Ecumenical Temple
  4137 | Temple   | Became a worshipper of Gozag Ym Sagoz the Greedy
  4272 | D:6      | Noticed Duvessa
  4272 | D:6      | Noticed Dowan
  4283 | D:6      | Killed Duvessa
  4286 | D:6      | Killed Dowan
  4318 | D:6      | Learned a level 1 spell: Apportation
  4337 | D:6      | Found a sacrificial altar of Ru.
  4354 | D:6      | Reached skill level 5 in Armour
  4431 | D:6      | Noticed a white ugly thing
  4448 | D:6      | Reached skill level 5 in Shields
  4460 | D:6      | Noticed Blork the orc
  4467 | D:6      | Killed Blork the orc
  4467 | D:6      | Reached XP level 9. HP: 54/54 MP: 9/9
  4504 | D:6      | Found Syilio's Weapon Boutique.
  4879 | D:5      | Bought a royal jelly for 28 gold pieces
  4879 | D:5      | Bought a royal jelly for 28 gold pieces
  4879 | D:5      | Bought a royal jelly for 28 gold pieces
  4996 | D:7      | You fall through a shaft for 2 floors!
  5012 | D:9      | Noticed a cyclops
  5029 | D:10     | Entered Level 10 of the Dungeon
  5038 | D:10     | Reached skill level 9 in Maces & Flails
  5119 | D:10     | Noticed a white ugly thing
  5567 | D:11     | Noticed Maurice
  5581 | D:11     | Killed Maurice
  5676 | D:11     | Reached XP level 10. HP: 59/61 MP: 10/10
  5692 | D:11     | Reached skill level 10 in Maces & Flails
  5902 | D:10     | Killed a white ugly thing
  6093 | D:10     | Noticed a centaur warrior
  6101 | D:10     | Killed a centaur warrior
  6204 | D:9      | Killed a cyclops
  6231 | D:9      | Reached skill level 11 in Maces & Flails
  6272 | D:9      | Reached XP level 11. HP: 67/68 MP: 11/11
  6278 | D:9      | Reached skill level 5 in Dodging
  6443 | D:9      | Found a staircase to the Orcish Mines.
  6675 | D:8      | Learned a level 3 spell: Regeneration
  7251 | D:7      | Found a hazy altar of Hepliaklqana.
  7253 | D:7      | Found a shadowy altar of Dithmenos.
  7263 | D:7      | Found a radiant altar of Vehumet.
  7264 | D:7      | Found a bloodstained altar of Trog.
  7266 | D:7      | Found a stormy altar of Qazlal.
  7269 | D:7      | Found a glowing silver altar of Zin.
  7304 | D:8      | Found a staircase to the Lair.
  7310 | D:8      | Noticed Erica
  7324 | D:8      | Killed Erica
  7428 | D:8      | Noticed kuniqs's ghost (novice GrFi)
  7430 | D:8      | Noticed Psyche
  7445 | D:7      | Killed Psyche
  7764 | D:8      | Killed kuniqs's ghost
  7865 | D:8      | Noticed Prince Ribbit
  7870 | D:8      | Killed Prince Ribbit
  8039 | D:8      | Gained mutation: Your magical capacity is low. (-10% MP) [potion of mutation]
  8039 | D:8      | Gained mutation: You are weak. (Str -2) [potion of mutation]
  8039 | D:8      | Gained mutation: You are partially covered in molten scales. (AC +2) [potion of mutation]
  8096 | D:8      | Found Zeoptoq's Book Emporium.
  8135 | D:8      | Noticed Joseph
  8145 | D:8      | Killed Joseph
  8460 | D:9      | Bought a glowing morningstar for 196 gold pieces
  8796 | D:10     | Reached skill level 12 in Maces & Flails
  8986 | D:10     | Found a white marble altar of Elyvilon.
  9199 | Lair:1   | Entered Level 1 of the Lair of Beasts
  9314 | Lair:1   | Reached XP level 12. HP: 75/75 MP: 10/10
  9599 | Lair:1   | Noticed a seven-headed hydra
  9613 | Lair:1   | Killed a seven-headed hydra
  9866 | Lair:1   | Noticed a five-headed hydra
  9877 | Lair:1   | Killed a five-headed hydra
 10467 | Lair:2   | Found a staircase to the Shoals.
 10958 | Lair:2   | Learned a level 2 spell: Swiftness
 11519 | Lair:3   | Reached skill level 13 in Maces & Flails
 11967 | Lair:3   | Reached skill level 10 in Fighting
 12509 | Lair:4   | Noticed a four-headed hydra
 12516 | Lair:4   | Killed a four-headed hydra
 12516 | Lair:4   | Reached XP level 13. HP: 80/82 MP: 11/11
 12816 | Lair:4   | Reached skill level 10 in Armour
 13174 | Lair:4   | Found a hole to the Spider Nest.
 13255 | Lair:4   | Reached skill level 10 in Shields
 14151 | Lair:5   | HP: 2/83 [rime drake/flash freeze (14)]
 14573 | Lair:5   | Reached skill level 14 in Maces & Flails
 14592 | Lair:5   | Noticed a fire dragon
 14783 | Lair:5   | Killed a fire dragon
 15054 | Lair:5   | Bought a dazzling chain mail for 332 gold pieces
 15067 | Lair:5   | Identified the +8 chain mail "Woqiy" {*Drain rElec rPois} (You bought it in a shop on level 5 of the Lair of Beasts)
 15521 | Lair:5   | Gained mutation: Your large and strong wings let you fly indefinitely. [Gargoyle growth]
 15521 | Lair:5   | Reached XP level 14. HP: 81/90 MP: 12/12
 16077 | Lair:6   | Entered Level 6 of the Lair of Beasts
 16708 | Lair:6   | Found a staircase to the Slime Pits.
 17107 | Lair:6   | Reached skill level 15 in Maces & Flails
 17412 | Lair:6   | Identified the Guide on Helpful Shape Shifting
 17417 | Lair:6   | Learned a level 2 spell: Passwall
 18027 | Orc:1    | Entered Level 1 of the Orcish Mines
 18249 | Orc:2    | Entered Level 2 of the Orcish Mines
 18358 | Orc:2    | Noticed an orc warlord
 18392 | Orc:2    | Killed an orc warlord
 18392 | Orc:2    | Reached XP level 15. HP: 96/96 MP: 13/13
 18806 | Orc:2    | Found a staircase to the Elven Halls.
 19309 | Orc:1    | Bought a runed morningstar for 203 gold pieces
 19880 | Orc:2    | Found Guuwin's General Store.
 19880 | Orc:2    | Found Ciqucvukh's General Store.
 19902 | Orc:2    | Found Isip's Weapon Shop.
 19906 | Orc:2    | Found Herif's Jewellery Emporium.
 19919 | Orc:2    | Bought a scroll of acquirement for 624 gold pieces
 19919 | Orc:2    | Bought the +3 crown of Dyrovepreva {rElec Int+2 SInv} for 496 gold pieces
 19919 | Orc:2    | Bought a scroll of blinking for 90 gold pieces
 19927 | Orc:2    | Bought an uncursed ring of protection from cold for 300 gold pieces
 20685 | D:12     | Got a smoking ring mail
 20686 | D:12     | Identified the cursed +0 ring mail of the Jabberwock {Regen+ Str-3 Int+3 Dex+8} (You found it on level 12 of the Dungeon)
 21037 | Orc:2    | Bought a meat ration for 65 gold pieces
 21279 | D:5      | Bought a meat ration for 70 gold pieces
 21279 | D:5      | Bought 3 fruits for 63 gold pieces
 21279 | D:5      | Bought 4 fruits for 84 gold pieces
 21279 | D:5      | Bought a bread ration for 70 gold pieces
 21279 | D:5      | Bought a bread ration for 70 gold pieces
 21279 | D:5      | Bought 2 fruits for 42 gold pieces
 21279 | D:5      | Bought a meat ration for 70 gold pieces
 21815 | D:13     | Found a shadowy altar of Dithmenos.
 21837 | D:13     | Found a gate to the Vaults.
 22149 | D:13     | Reached skill level 16 in Maces & Flails
 22659 | D:14     | Found a frozen archway.
 22829 | D:14     | Found a basalt altar of Yredelemnul.
 22848 | D:14     | Found Ogaurch's Quality Used Wands.
 22861 | D:14     | Found a bloodstained altar of Trog.
 22865 | D:14     | Found Tengeinu's Jewellery Boutique.
 22890 | D:14     | Found a portal to a secret trove of treasure.
 23092 | D:14     | Reached XP level 16. HP: 97/103 MP: 14/14
 23131 | D:14     | Learned a level 1 spell: Summon Butterflies
 23798 | D:15     | Entered Level 15 of the Dungeon
 24282 | D:15     | Reached skill level 10 in Dodging
 24285 | D:15     | Found a staircase to the Depths.
 24754 | D:15     | Found Huriosur's Food Boutique.
 24758 | D:15     | Bought a royal jelly for 24 gold pieces
 24758 | D:15     | Bought a royal jelly for 24 gold pieces
 24758 | D:15     | Bought a royal jelly for 24 gold pieces
 25121 | D:15     | Bought a +4 chain mail of magic resistance for 598 gold pieces
 25390 | Elf:1    | Entered Level 1 of the Elven Halls
 27269 | Elf:1    | Reached XP level 17. HP: 108/112 MP: 15/15
 27310 | Elf:1    | Killed from afar by a deep elf high priest

Skill      XL: |  1  2  3  4  5  6  7  8  9 10 11 12 13 14 15 16 |
---------------+-------------------------------------------------+-----
Maces & Flails | 3 4 6 7 8 9 11 12 13 14 15 16 | 16.4
Dodging        | 1 2 3 4 6 7 8 9 10 | 10.5
Fighting       | 4 5 6 7 8 10 11 12 14 | 14.4
Armour         | 4 5 6 7 8 9 10 11 12 13 | 13.7
Shields        | 4 5 6 7 8 9 10 11 12 13 | 13.4

Action                   |  1- 3 |  4- 6 |  7- 9 | 10-12 | 13-15 | 16-18 || total
-------------------------+-------+-------+-------+-------+-------+-------++-------
Melee: Flail             |   125 |    20 |       |       |       |       ||   145
       Morningstar       |       |   100 |   411 |   891 |  1945 |   631 ||  3978
Invok: Potion Petition   |       |       |       |     1 |     4 |       ||     5
       Call Merchant     |       |       |       |     1 |     2 |     1 ||     4
Evoke: Wand              |       |       |       |       |     2 |       ||     2
  Use: Potion            |     2 |     2 |     6 |     2 |     4 |     1 ||    17
       Scroll            |       |     5 |     6 |     9 |    10 |       ||    30
 Stab: Distracted        |       |       |     1 |     6 |    10 |     3 ||    20
  Eat: Chunk             |       |     5 |     6 |       |       |       ||    11
       Meat ration       |       |       |     2 |     4 |     3 |     3 ||    12
       Bread ration      |       |       |       |     1 |       |       ||     1
       Fruit             |       |       |       |     6 |    10 |     3 ||    19
       Royal jelly       |       |       |       |       |     6 |       ||     6
Armor: Scale mail        |    71 |    78 |   205 |       |       |       ||   354
       Ice dragon scales |       |       |     4 |   296 |   139 |       ||   439
       Chain mail        |       |       |       |       |   657 |   321 ||   978
Dodge: Dodged            |    42 |    32 |   146 |   227 |   658 |   225 ||  1330
Block: Shield            |    64 |    54 |   241 |   510 |  1107 |   441 ||  2417
       Reflection        |       |       |       |    14 |       |    16 ||    30
